[Event "Titled Tuesday Blitz September 27 Early 2022"]
[White "Saravana, Krishnan P."]
[Black "Quirke, Jeffrey"]
[WhiteFideId "5018382"]
[BlackFideId "2013029"]
[WhiteElo "2155"]
[BlackElo "2125"]
[Result "1-0"]
[Round "10"]
[TimeControl "180+1"]
[Date "2022.09.27"]
[WhiteClock "0:02:20"]
[BlackClock "0:00:56"]

1. Nf3 d5 2. g3 e6 3. Bg2 Nf6 4. O-O c5 5. c4 d4 6. d3 Nc6 7. a3 a5 8. e3 h6 9. exd4 cxd4 10. Nbd2 Bd6 11. Rb1 O-O 12. Re1 Re8 13. Qc2 Nd7 14. Ne4 Bf8 15. c5 f5 16. Nd6 Bxd6 17. cxd6 Nf6 18. Bf4 Nd5 19. Be5 Nxe5 20. Rxe5 Qxd6 21. Rbe1 Bd7 22. Nxd4 Rac8 23. Qb3 Nf4 24. Nxf5 1-0


[Site "https://www.chess.com"]

[Event "Titled Tuesday Blitz September 27 Early 2022"]
[White "Saydaliev, Saidakbar"]
[Black "Kislov, Oleg"]
[WhiteFideId "14203693"]
[BlackFideId "13503774"]
[WhiteElo "2265"]
[BlackElo "2185"]
[Result "1-0"]
[Round "10"]
[TimeControl "180+1"]
[Date "2022.09.27"]
[WhiteClock "0:02:30"]
[BlackClock "0:01:52"]

1. e4 c5 2. Nf3 Nc6 3. Bb5 g6 4. O-O Bg7 5. Bxc6 dxc6 6. d3 e5 7. Be3 Qe7 8. Nbd2 Nf6 9. h3 O-O 10. a3 Nd7 11. Qb1 f5 12. Qa2+ Kh8 13. Bg5 Nf6 14. exf5 gxf5 15. Rfe1 e4 16. dxe4 fxe4 17. Nxe4 Be6 18. Nxf6 Bxa2 19. Rxe7 Bxf6 20. Bxf6+ Rxf6 21. Rxa2 1-0


[Site "https://www.chess.com"]

[Event "Titled Tuesday Blitz September 27 Early 2022"]
[White "Sebenik, Matej"]
[Black "Heinemann, Josefine"]
[WhiteFideId "14602296"]
[BlackFideId "12900460"]
[WhiteElo "2461"]
[BlackElo "2300"]
[Result "0-1"]
[Round "10"]
[TimeControl "180+1"]
[Date "2022.09.27"]
[WhiteClock "0:00:02"]
[BlackClock "0:00:40"]

1. d4 Nf6 2. Nf3 d5 3. e3 c5 4. Be2 Nc6 5. O-O Bg4 6. c3 e6 7. Nbd2 Be7 8. h3 Bh5 9. dxc5 Bxc5 10. b4 Bd6 11. Bb2 O-O 12. a3 Rc8 13. c4 Bxf3 14. Bxf3 Ne5 15. cxd5 Nxf3+ 16. Nxf3 Nxd5 17. Qd4 Qf6 18. e4 Qxd4 19. Bxd4 Nc3 20. Rfe1 Nb5 21. Be3 a6 22. Red1 Rfd8 23. Bb6 Bc7 24. Bxc7 Nxc7 25. Rxd8+ Rxd8 26. Rc1 Ne8 27. a4 Kf8 28. Kf1 Ke7 29. Ke2 Nd6 30. Rc7+ Rd7 31. Rxd7+ Kxd7 32. Kd3 f6 33. e5 Nf7 34. exf6 gxf6 35. g4 Kd6 36. Kd4 f5 37. gxf5 exf5 38. Nd2 Ng5 39. Nc4+ Ke6 40. Kc5 Nxh3 41. Na5 Nxf2 42. Nxb7 h5 43. b5 axb5 44. a5 h4 45. a6 Ne4+ 46. Kd4 h3 47. a7 h2 48. a8=Q h1=Q 49. Qg8+ Kf6 50. Qf8+ Kg5 51. Qg7+ Kf4 52. Qe5+ Kg4 53. Qg7+ Kf3 0-1


[Site "https://www.chess.com"]

[Event "Titled Tuesday Blitz September 27 Early 2022"]
[White "Seifert, Henryk"]
[Black "Shivika, Rohilla"]
[WhiteFideId "1100963"]
[BlackFideId "45015414"]
[WhiteElo "2120"]
[BlackElo "1605"]
[Result "0-1"]
[Round "10"]
[TimeControl "180+1"]
[Date "2022.09.27"]
[WhiteClock "0:00:02"]
[BlackClock "0:00:30"]

1. e4 e5 2. Nf3 Nc6 3. Nc3 Nf6 4. Bb5 Bb4 5. O-O O-O 6. d3 Bxc3 7. bxc3 d6 8. Bxc6 bxc6 9. Rb1 h6 10. h3 Be6 11. c4 Nd7 12. Be3 f5 13. exf5 Bxf5 14. Kh2 Kh7 15. Rg1 c5 16. g4 Bg6 17. Rg3 Qe7 18. h4 e4 19. h5 Bxh5 20. Ng5+ hxg5 21. gxh5 Ne5 22. dxe4 Rae8 23. Qe2 g4 24. Ra1 Qh4+ 25. Kg2 Rf3 26. Rh1 Qe7 27. Rxg4 Rxe3 28. fxe3 Nxg4 29. Qxg4 Qxe4+ 30. Qxe4+ Rxe4 31. Kf3 Rxc4 32. Rh2 Kh6 33. a3 Rc3 34. Ke4 Rxa3 35. Rf2 Rc3 36. Rf7 a5 37. Rf8 Kxh5 38. Rh8+ Kg4 39. Rg8 g5 40. Ra8 a4 41. Rxa4 c6 42. Ra6 d5+ 43. Ke5 Rxc2 0-1


[Site "https://www.chess.com"]

[Event "Titled Tuesday Blitz September 27 Early 2022"]
[White "Shandrygin, Nikita"]
[Black "Barash, Anton"]
[WhiteFideId "24198668"]
[BlackFideId "30935229"]
[WhiteElo "2323"]
[BlackElo "2292"]
[Result "1-0"]
[Round "10"]
[TimeControl "180+1"]
[Date "2022.09.27"]
[WhiteClock "0:00:09"]
[BlackClock "0:00:05"]

1. e4 e6 2. d4 d5 3. Nd2 Nc6 4. Ngf3 Nf6 5. e5 Nd7 6. Bd3 Nb4 7. Be2 c5 8. c4 dxc4 9. Nxc4 Nb6 10. Be3 cxd4 11. Bxd4 Nxc4 12. Bxc4 Nc6 13. O-O Nxd4 14. Nxd4 Bc5 15. Nb5 O-O 16. Qf3 Qb6 17. b4 Be7 18. Rfd1 Rd8 19. Rxd8+ Bxd8 20. Rd1 Be7 21. Nd6 f5 22. Qxf5 Kh8 23. Bxe6 Bxe6 24. Qxe6 Bg5 25. Nf7+ 1-0


[Site "https://www.chess.com"]

[Event "Titled Tuesday Blitz September 27 Early 2022"]
[White "Sipila, Vilka"]
[Black "Brodowski, Piotr"]
[WhiteFideId "505455"]
[BlackFideId "1124480"]
[WhiteElo "2329"]
[BlackElo "2312"]
[Result "1-0"]
[Round "10"]
[TimeControl "180+1"]
[Date "2022.09.27"]
[WhiteClock "0:01:40"]
[BlackClock "0:01:30"]

1. b3 g6 2. Bb2 Nf6 3. Nf3 Bg7 4. g3 O-O 5. Bg2 d6 6. d4 Nbd7 7. O-O e5 8. dxe5 Ng4 9. c4 Ngxe5 10. Qc1 Qf6 11. Nc3 c6 12. Rd1 Nxf3+ 13. exf3 a5 14. Qd2 Nc5 15. Na4 Qe7 16. Bxg7 Kxg7 17. Nb6 Ra6 18. Nxc8 Rxc8 19. Qxd6 Qxd6 20. Rxd6 a4 21. b4 Ne6 22. c5 a3 23. Rb1 Re8 24. Bf1 Ra4 25. Rd7 Rd8 26. Rxb7 Rd2 27. Bc4 Kf6 28. Rb6 Rb2 29. Re1 Rbxb4 30. Bxe6 Rxb6 31. cxb6 fxe6 32. Rb1 Ra8 33. Rc1 Ra5 34. Rxc6 Rb5 35. Rc3 Rxb6 36. Rxa3 Rb1+ 37. Kg2 Ra1 38. f4 h5 39. Ra7 Rb1 40. Kf3 Rc1 41. h3 Rh1 42. a4 Rxh3 43. Kg2 1-0


[Site "https://www.chess.com"]

[Event "Titled Tuesday Blitz September 27 Early 2022"]
[White "Skliarov, Viktor"]
[Black "Madaminov, Mukhiddin"]
[WhiteFideId "14106736"]
[BlackFideId "14210703"]
[WhiteElo "2213"]
[BlackElo "2106"]
[Result "0-1"]
[Round "10"]
[TimeControl "180+1"]
[Date "2022.09.27"]
[WhiteClock "0:00:06"]
[BlackClock "0:00:36"]

1. e4 e5 2. Nc3 Nc6 3. Bc4 Nf6 4. d3 Na5 5. Nge2 Nxc4 6. dxc4 Bc5 7. Ng3 h6 8. O-O O-O 9. a3 a6 10. Qd3 d6 11. Be3 Bxe3 12. Qxe3 Be6 13. c5 Ng4 14. Qf3 dxc5 15. Nf5 Nf6 16. Rad1 Nd7 17. Qg3 Qg5 18. Qxg5 hxg5 19. Nd5 Bxf5 20. exf5 Nf6 21. Nxf6+ gxf6 22. Rd7 Rac8 23. Rfd1 Rfe8 24. Kf1 Kf8 25. Ke2 Re7 26. Rd8+ Rxd8 27. Rxd8+ Re8 28. Rd7 Rc8 29. Ke3 Ke8 30. Rd5 b6 31. g3 Ke7 32. f4 exf4+ 33. gxf4 Rh8 34. Rd2 Rh3+ 35. Ke4 c6 36. Rf2 b5 37. c3 a5 38. Re2 a4 39. Rd2 Rh4 40. Rf2 gxf4 41. Kf3 Kd6 42. Re2 Kd5 43. Kg2 Rh5 44. Re7 Rxf5 45. Rxf7 Rg5+ 46. Kf3 Rh5 47. Kg2 f3+ 48. Kg3 f5 49. Rc7 f2 50. Kxf2 Rxh2+ 51. Ke3 Rxb2 52. Kd3 c4+ 53. Ke3 Rc2 54. Rd7+ Kc5 0-1


[Site "https://www.chess.com"]

[Event "Titled Tuesday Blitz September 27 Early 2022"]
[White "So, Wesley"]
[Black "Milikow, Yoav"]
[WhiteFideId "5202213"]
[BlackFideId "2822237"]
[WhiteElo "2763"]
[BlackElo "2341"]
[Result "1-0"]
[Round "10"]
[TimeControl "180+1"]
[Date "2022.09.27"]
[WhiteClock "0:00:56"]
[BlackClock "0:00:41"]

1. Nf3 d5 2. c4 d4 3. b4 c5 4. g3 Nf6 5. Bg2 cxb4 6. a3 bxa3 7. Bxa3 Nc6 8. O-O e5 9. Qa4 Nd7 10. Bxf8 Kxf8 11. d3 g6 12. Nbd2 Kg7 13. Rfb1 Qe7 14. Ne1 Nc5 15. Qa3 Re8 16. Nc2 Bg4 17. Rb5 Qg5 18. f4 exf4 19. Rxc5 Qe7 20. Re1 fxg3 21. hxg3 Qc7 22. Ne4 f5 23. Nf2 Qxg3 24. Qb2 Ne5 25. Nxd4 Kh6 26. Qd2+ f4 27. Rf1 Rad8 28. Ne4 Qe3+ 29. Qxe3 fxe3 30. Nf6 Rxd4 31. Nxe8 Bxe2 32. Rxe5 Bxf1 33. Kxf1 e2+ 1-0


[Site "https://www.chess.com"]

[Event "Titled Tuesday Blitz September 27 Early 2022"]
[White "Song, Julien"]
[Black "Rottenwohrer Suarez, Juan"]
[WhiteFideId "659487"]
[BlackFideId "32068182"]
[WhiteElo "2225"]
[BlackElo "2132"]
[Result "0-1"]
[Round "10"]
[TimeControl "180+1"]
[Date "2022.09.27"]
[WhiteClock "0:00:58"]
[BlackClock "0:00:19"]

1. d4 Nf6 2. Bg5 d5 3. Nd2 Bf5 4. Bxf6 exf6 5. e3 c5 6. dxc5 Bxc5 7. Bd3 Bxd3 8. cxd3 O-O 9. d4 Bb6 10. Ne2 f5 11. O-O Nd7 12. Nc3 Nf6 13. Qf3 g6 14. Rfc1 Ne4 15. Ndxe4 dxe4 16. Qe2 Rc8 17. Qb5 f4 18. Qd5 Rxc3 19. Qxe4 Rxc1+ 20. Rxc1 fxe3 21. fxe3 Re8 22. Qxb7 Qg5 23. Rf1 Qxe3+ 24. Kh1 Re7 25. Qc8+ Kg7 26. d5 Qf2 27. Qc3+ Bd4 28. Qc4 Re1 29. Qxd4+ Qxd4 30. Rxe1 Qxd5 0-1


[Site "https://www.chess.com"]

[Event "Titled Tuesday Blitz September 27 Early 2022"]
[White "Sukandar, Irine Kharisma"]
[Black "Thorhallsson, Simon"]
[WhiteFideId "7101937"]
[BlackFideId "2310090"]
[WhiteElo "2284"]
[BlackElo "2137"]
[Result "1-0"]
[Round "10"]
[TimeControl "180+1"]
[Date "2022.09.27"]
[WhiteClock "0:00:58"]
[BlackClock "0:01:02"]

1. d4 d5 2. c4 e6 3. Nc3 c6 4. e3 f5 5. Nf3 Nf6 6. Ne5 Bd6 7. Be2 O-O 8. O-O Nbd7 9. f4 Ne4 10. Nxe4 fxe4 11. Bd2 Nxe5 12. fxe5 Be7 13. b4 Bd7 14. Qb3 Rxf1+ 15. Rxf1 Qe8 16. a4 Qg6 17. b5 h5 18. bxc6 Bxc6 19. cxd5 exd5 20. a5 a6 21. Qd1 h4 22. Bh5 Qg5 23. Bf7+ Kh7 24. Rf4 Rf8 25. Be1 h3 26. Rh4+ Qxh4 27. Bxh4 Bxh4 28. Qh5# 1-0


[Site "https://www.chess.com"]

[Event "Titled Tuesday Blitz September 27 Early 2022"]
[White "Svane, Frederik"]
[Black "Visakh N R"]
[WhiteFideId "12923044"]
[BlackFideId "25012223"]
[WhiteElo "2459"]
[BlackElo "2448"]
[Result "1-0"]
[Round "10"]
[TimeControl "180+1"]
[Date "2022.09.27"]
[WhiteClock "0:00:20"]
[BlackClock "0:00:09"]

1. c4 c6 2. Nf3 d5 3. b3 Nf6 4. Bb2 e6 5. g3 Bd6 6. Bg2 O-O 7. O-O Nbd7 8. Nc3 Qe7 9. Rc1 dxc4 10. bxc4 e5 11. d4 exd4 12. Nxd4 Ne5 13. Qb3 Bc5 14. Na4 Bd6 15. c5 Bc7 16. e4 Rd8 17. Rfe1 Ba5 18. Bc3 Bxc3 19. Qxc3 Bh3 20. Nf5 Qe6 21. Bxh3 Rd3 22. Nh6+ gxh6 23. Bxe6 Nf3+ 24. Kf1 Rxc3 25. Rxc3 Nxe1 26. Bf5 b5 27. Nb2 b4 28. Rb3 Nc2 29. e5 Nd4 30. exf6 Nxb3 31. axb3 Re8 32. Nc4 Kf8 33. Bd7 Rd8 34. Bxc6 Rc8 35. Na5 h5 36. Ke2 h6 37. Kd3 Rd8+ 38. Ke3 Rc8 39. Kd4 Rd8+ 40. Ke3 Rc8 41. f4 h4 42. g4 Kg8 43. h3 Kh7 44. Be4+ Kg8 45. c6 Kf8 46. Nb7 Rc7 47. Kd4 Ke8 48. Kc5 1-0


[Site "https://www.chess.com"]

[Event "Titled Tuesday Blitz September 27 Early 2022"]
[White "Svane, Rasmus"]
[Black "Rustemov, Alexander"]
[WhiteFideId "4657101"]
[BlackFideId "4119002"]
[WhiteElo "2674"]
[BlackElo "2845"]
[Result "1/2-1/2"]
[Round "10"]
[TimeControl "180+1"]
[Date "2022.09.27"]
[WhiteClock "0:00:57"]
[BlackClock "0:01:40"]

1. Nf3 d5 2. g3 c5 3. Bg2 Nf6 4. O-O g6 5. d4 cxd4 6. Nxd4 Bg7 7. Nb3 O-O 8. Nc3 e6 9. e4 dxe4 10. Qxd8 Rxd8 11. Nxe4 Nxe4 12. Bxe4 Nc6 13. c3 e5 14. Bg2 f5 15. Bg5 Re8 16. Be3 e4 17. Rfd1 Ne5 18. Bf1 b6 19. a4 Be6 20. Nd4 Bc4 21. Nb5 Bxf1 22. Kxf1 Re7 23. a5 bxa5 24. Rxa5 Nc4 25. Ra2 Rb8 26. Nxa7 Rxb2 27. Rxb2 Nxb2 1/2-1/2


[Site "https://www.chess.com"]

[Event "Titled Tuesday Blitz September 27 Early 2022"]
[White "Szente Varga, Fruzsina"]
[Black "Garv Gaur"]
[WhiteFideId "712264"]
[BlackFideId "45030839"]
[WhiteElo "1994"]
[BlackElo "1950"]
[Result "0-1"]
[Round "10"]
[TimeControl "180+1"]
[Date "2022.09.27"]
[WhiteClock "0:00:14"]
[BlackClock "0:01:23"]

1. e4 c6 2. d4 d5 3. Nc3 dxe4 4. Nxe4 Bf5 5. Ng3 Bg6 6. Bc4 e6 7. c3 Bd6 8. N1e2 Ne7 9. O-O Nd7 10. f4 Nf6 11. f5 Nxf5 12. Nxf5 Bxf5 13. Bg5 Be7 14. Ng3 Bg6 15. h4 h6 16. Bxf6 Bxf6 17. Qg4 h5 18. Qe2 Bxh4 19. Bxe6 O-O 20. Nf5 fxe6 21. Qxe6+ Kh7 22. Nxh4 Qxh4 23. Rae1 Rae8 24. Qc4 Rxe1 0-1


[Site "https://www.chess.com"]

[Event "Titled Tuesday Blitz September 27 Early 2022"]
[White "Tari, Aryan"]
[Black "Arabidze, Meri"]
[WhiteFideId "1510045"]
[BlackFideId "13604040"]
[WhiteElo "2612"]
[BlackElo "2335"]
[Result "1-0"]
[Round "10"]
[TimeControl "180+1"]
[Date "2022.09.27"]
[WhiteClock "0:00:18"]
[BlackClock "0:00:01"]

1. Nf3 Nf6 2. c4 c5 3. Nc3 g6 4. d4 cxd4 5. Nxd4 Bg7 6. e4 O-O 7. Be2 d6 8. O-O Nc6 9. Nc2 a5 10. Be3 a4 11. Na3 Qa5 12. Rc1 Bd7 13. f3 Ne5 14. Qd2 Bc6 15. Nab5 Bxb5 16. Nxb5 Qxd2 17. Bxd2 Nfd7 18. Nc7 Rac8 19. Nd5 Rfe8 20. Be3 e6 21. Nb4 Nc6 22. Nxc6 Rxc6 23. c5 Rxc5 24. Bxc5 Nxc5 25. Rc2 g5 26. Rd1 Be5 27. g3 Kf8 28. Kg2 Ke7 29. Rdd2 Rb8 30. Bb5 Ra8 31. Be2 Rb8 32. Rc4 h6 33. Rb4 Ra8 34. Rc2 Ra7 35. Rb5 Kd7 36. b4 axb3 37. axb3 Na6 38. Ra5 Bd4 39. Bb5+ Kd8 40. Bxa6 bxa6 41. Rc6 Ke7 42. Raxa6 Rb7 43. Rxd6 Be5 44. Rd3 Rb4 45. Ra7+ Kf6 46. h4 gxh4 47. f4 Bb2 48. e5+ Kf5 49. Kf3 hxg3 50. Rxf7+ Kg6 51. Rf6+ Kh5 52. Kxg3 Bc1 53. Rf3 Bd2 54. Kh3 Rd4 55. Rxe6 Re4 56. Rf6 Re1 57. Rg3 1-0


[Site "https://www.chess.com"]

[Event "Titled Tuesday Blitz September 27 Early 2022"]
[White "Tasev, Dejan"]
[Black "Harsh Suresh"]
[WhiteFideId "936618"]
[BlackFideId "45018464"]
[WhiteElo "2256"]
[BlackElo "2070"]
[Result "1/2-1/2"]
[Round "10"]
[TimeControl "180+1"]
[Date "2022.09.27"]
[WhiteClock "0:00:12"]
[BlackClock "0:00:06"]

1. e4 c6 2. d4 d5 3. Nc3 dxe4 4. Nxe4 Nf6 5. Nxf6+ exf6 6. c3 Bd6 7. Bd3 O-O 8. Qc2 Re8+ 9. Ne2 h5 10. h3 Nd7 11. O-O Nf8 12. Bd2 Be6 13. f4 b5 14. Rae1 a5 15. f5 Bd5 16. Nf4 Bxf4 17. Bxf4 a4 18. a3 Bb3 19. Qf2 Qd5 20. Qh4 Bc4 21. Bxc4 Qxc4 22. Qxh5 Qd3 23. Qg4 Re4 24. Rxe4 Qxe4 25. Qf3 Re8 26. Qxe4 Rxe4 27. g3 Nd7 28. Kf2 Nb6 29. Re1 Rxe1 30. Kxe1 Nc4 31. Bc1 g6 32. fxg6 fxg6 33. Ke2 Kf7 34. h4 f5 35. Kf3 Kf6 36. g4 fxg4+ 37. Kxg4 Kg7 38. Kf4 Kf6 39. Ke4 Ke6 40. Kd3 Kd5 41. Kc2 Ke4 42. b3 Nb6 43. Bg5 axb3+ 44. Kxb3 Kd3 45. Be7 Nd5 46. Bb4 Ne3 47. a4 bxa4+ 48. Kxa4 Nf5 49. Ka5 Kc4 50. Kb6 Kd5 51. Kc7 Nxh4 52. Kd7 Nf5 53. Ba5 Ne3 54. Ke7 g5 55. Kd7 g4 56. Bc7 Nf5 57. c4+ Kxc4 58. Kxc6 Kxd4 59. Kb5 Ke3 60. Kc4 Kf2 61. Kd3 Kf3 62. Kd2 Kf2 63. Kd3 Ne3 64. Bb6 Kf3 65. Bxe3 g3 66. Bd4 g2 67. Bc5 Kg3 68. Bg1 Kf3 69. Kd2 Kg3 70. Ke2 Kh3 71. Kf3 Kh4 72. Kxg2 1/2-1/2


[Site "https://www.chess.com"]

[Event "Titled Tuesday Blitz September 27 Early 2022"]
[White "Terzi, Alexei"]
[Black "Vachylia, Andrii"]
[WhiteFideId "13505076"]
[BlackFideId "14137224"]
[WhiteElo "2031"]
[BlackElo "2318"]
[Result "0-1"]
[Round "10"]
[TimeControl "180+1"]
[Date "2022.09.27"]
[WhiteClock "0:00:16"]
[BlackClock "0:00:20"]

1. e4 c5 2. Nc3 d6 3. f4 Nc6 4. Nf3 g6 5. Bc4 Bg7 6. O-O e6 7. d4 cxd4 8. Nb5 Nge7 9. Nfxd4 Nxd4 10. Nxd4 O-O 11. Bb3 e5 12. Nf3 Qb6+ 13. Kh1 Be6 14. c3 Rad8 15. Bxe6 fxe6 16. fxe5 dxe5 17. Qb3 Qxb3 18. axb3 Nc6 19. Bg5 Rd7 20. Rfd1 Rff7 21. Be3 a6 22. Ng5 Rxd1+ 23. Rxd1 Rf6 24. Nf3 Rf7 25. Kg1 h6 26. b4 Kh7 27. Rd6 Re7 28. Nd2 Bf8 29. Nc4 Kg7 30. Kf2 Rf7+ 31. Ke2 Bxd6 32. Nxd6 Rd7 33. Nc4 g5 34. h3 Kf6 35. Bf2 b5 36. Ne3 h5 37. h4 g4 38. Nf1 a5 39. bxa5 Nxa5 40. Ng3 Kg6 41. Be3 Nc4 42. Bc1 Ra7 43. Kd1 Rf7 44. Ke2 Rb7 45. b3 Na5 46. b4 Nc4 47. Be3 Rb8 48. Kd3 Ra8 49. Nf1 Ra2 50. g3 Rg2 51. Bc5 Nb2+ 52. Ke3 Rc2 53. Bd6 Rxc3+ 54. Kd2 Rd3+ 55. Kc2 Rxd6 56. Kxb2 Rd4 57. Ne3 Rxb4+ 58. Kc3 Rxe4 59. Nc2 Rc4+ 60. Kd3 Rxc2 0-1


[Site "https://www.chess.com"]

[Event "Titled Tuesday Blitz September 27 Early 2022"]
[White "Tologon tegin, Semetei"]
[Black "Principe, Gerson"]
[WhiteFideId "13800574"]
[BlackFideId "3804550"]
[WhiteElo "2174"]
[BlackElo "2280"]
[Result "1-0"]
[Round "10"]
[TimeControl "180+1"]
[Date "2022.09.27"]
[WhiteClock "0:01:24"]
[BlackClock "0:00:15"]

1. Nf3 Nf6 2. g3 b6 3. Bg2 Bb7 4. O-O e6 5. b3 Be7 6. Bb2 O-O 7. c4 d5 8. e3 c5 9. Qe2 Nc6 10. d3 Qc7 11. Nbd2 Rac8 12. Nh4 Rfd8 13. f4 dxc4 14. Nxc4 Nb4 15. Rfd1 Bxg2 16. Nxg2 b5 17. Ne5 Nc6 18. g4 Nxe5 19. Bxe5 Qb7 20. g5 Nd5 21. Rac1 Rd7 22. e4 Nb4 23. Ne3 Rcd8 24. Rc3 Qa6 25. Ng4 Nxa2 26. Rc2 Nb4 27. Rcd2 Nc6 28. Nf6+ gxf6 29. gxf6 Nxe5 30. fxe5 Bf8 31. Qh5 Kh8 32. Rg2 Rxd3 33. Rf1 Qc8 34. Rg7 1-0


[Site "https://www.chess.com"]

[Event "Titled Tuesday Blitz September 27 Early 2022"]
[White "Torres Boch, Jose Francisco"]
[Black "Guerrero Olmos, Sergio"]
[WhiteFideId "2278383"]
[BlackFideId "2257238"]
[WhiteElo "2088"]
[BlackElo "2259"]
[Result "0-1"]
[Round "10"]
[TimeControl "180+1"]
[Date "2022.09.27"]
[WhiteClock "0:00:41"]
[BlackClock "0:00:14"]

1. e4 e6 2. d4 d5 3. c3 dxe4 4. f3 c5 5. fxe4 Qh4+ 6. Kd2 cxd4 7. Bd3 Qg5+ 8. Kc2 Qxg2+ 9. Ne2 dxc3 10. Nxc3 Nc6 11. Kb1 Bd7 12. Bf4 e5 13. Rg1 Qh3 14. Bg5 f6 15. Bc1 O-O-O 16. Nd5 Nge7 17. Nec3 Nxd5 18. Nxd5 Be6 19. a3 Kb8 20. Bc4 Rd7 21. Qc2 Nd4 22. Qa4 Bc5 23. Be3 Bxd5 24. Rg3 Bxe4+ 25. Ka2 Qf5 26. Rf1 Bc6 27. Qa5 Bb6 28. Qc3 Qe4 29. Bxd4 Bxd4 30. Qb3 Bd5 31. Bxd5 Qxd5 32. Qxd5 Rxd5 33. Rxg7 e4 34. Re7 Re5 35. Rd7 Bb6 36. Rxf6 e3 37. Rd1 e2 38. Re1 Rd8 0-1


[Site "https://www.chess.com"]

[Event "Titled Tuesday Blitz September 27 Early 2022"]
[White "Tsukerman, Julia"]
[Black "Winkels, Marcel"]
[WhiteFideId "2621649"]
[BlackFideId "1003887"]
[WhiteElo "1667"]
[BlackElo "1900"]
[Result "1-0"]
[Round "10"]
[TimeControl "180+1"]
[Date "2022.09.27"]
[WhiteClock "0:00:09"]
[BlackClock "0:01:06"]

1. e4 c5 2. Nf3 d6 3. d4 cxd4 4. Nxd4 Nf6 5. Nc3 a6 6. g3 e5 7. Nde2 Be7 8. Bg2 O-O 9. O-O b5 10. Nd5 Bb7 11. Nec3 Nbd7 12. a3 Rc8 13. Be3 Re8 14. Qd2 Bf8 15. Bg5 h6 16. Be3 Nc5 17. Rad1 Na4 18. Nxa4 Nxd5 19. exd5 bxa4 20. c3 Qd7 21. f4 exf4 22. Bxf4 Rb8 23. Rf2 a5 24. c4 Ba6 25. Bf1 Rb3 26. Qxa5 Bc8 27. Qd2 Qb7 28. Bd3 Bd7 29. Rdf1 Be7 30. Be3 Bf6 31. Rxf6 Rxb2 32. Qc3 Rxe3 33. Rxf7 Re8 34. Qxg7# 1-0


[Site "https://www.chess.com"]

[Event "Titled Tuesday Blitz September 27 Early 2022"]
[White "Urazayev, Arystanbek"]
[Black "Malek, Jan"]
[WhiteFideId "13709810"]
[BlackFideId "21864080"]
[WhiteElo "2441"]
[BlackElo "2172"]
[Result "1-0"]
[Round "10"]
[TimeControl "180+1"]
[Date "2022.09.27"]
[WhiteClock "0:00:36"]
[BlackClock "0:00:02"]

1. e4 e6 2. d4 d5 3. e5 c5 4. c3 Nc6 5. Nf3 Qb6 6. Bd3 cxd4 7. O-O Bd7 8. Re1 Nge7 9. h4 h6 10. h5 Rc8 11. a3 dxc3 12. Nxc3 Na5 13. Be3 Qxb2 14. Na4 Qb3 15. Nc5 Qxd1 16. Raxd1 Nec6 17. a4 Bxc5 18. Bxc5 Nxe5 19. Bxa7 Nxd3 20. Rxd3 O-O 21. Ne5 Bxa4 22. Ra3 b5 23. Nd7 Nc4 24. Rg3 Rfd8 25. Nf6+ Kh8 26. Ng4 d4 27. Rd3 Rd5 28. Rxd4 Rcd8 29. Rf4 Rd1 30. Rxd1 Rxd1+ 31. Kh2 f6 32. Ne3 Nxe3 33. Bxe3 e5 34. Rb4 Rd3 35. Rb1 Kg8 36. g4 Rb3 37. Rc1 Rb4 38. Rc8+ Kh7 39. f3 Rc4 40. Rb8 b4 41. Kg3 b3 42. Rb7 Rc2 43. f4 exf4+ 44. Kxf4 b2 45. Bd4 Rc4 46. Ke3 Bd7 47. Bxb2 Bc6 48. Rc7 Bd5 49. Rd7 Be6 50. Re7 Bxg4 51. Bxf6 Bxh5 52. Rxg7+ Kh8 53. Rc7+ 1-0


[Site "https://www.chess.com"]

[Event "Titled Tuesday Blitz September 27 Early 2022"]
[White "Valle Maytin, Luis Enrique"]
[Black "Blokhin, Sofia"]
[WhiteFideId "3503666"]
[BlackFideId "4508190"]
[WhiteElo "2225"]
[BlackElo "1771"]
[Result "1-0"]
[Round "10"]
[TimeControl "180+1"]
[Date "2022.09.27"]
[WhiteClock "0:00:22"]
[BlackClock "0:00:02"]

1. e4 c5 2. Nf3 Nc6 3. d4 cxd4 4. Nxd4 e5 5. Nb5 d6 6. N1c3 a6 7. Na3 Be7 8. Nd5 b5 9. Be3 Rb8 10. c3 f5 11. exf5 Bxf5 12. Bd3 e4 13. Be2 Nf6 14. Nxe7 Qxe7 15. Nc2 d5 16. Nd4 Nxd4 17. Qxd4 b4 18. O-O O-O 19. c4 Rfd8 20. c5 a5 21. Rac1 Rdc8 22. c6 Qd6 23. Qa7 Ra8 24. Qb7 Rcb8 25. Bc5 Qf4 26. Qe7 Re8 27. Qd6 Qd2 28. Bb5 Rab8 29. Ba4 Rbc8 30. c7 Re6 31. Qd8+ Re8 32. Bxe8 Rxd8 33. cxd8=Q 1-0


[Site "https://www.chess.com"]

[Event "Titled Tuesday Blitz September 27 Early 2022"]
[White "Vogel, Roven"]
[Black "Matinian, Nikita"]
[WhiteFideId "12908088"]
[BlackFideId "24129100"]
[WhiteElo "2501"]
[BlackElo "2422"]
[Result "0-1"]
[Round "10"]
[TimeControl "180+1"]
[Date "2022.09.27"]
[WhiteClock "0:00:02"]
[BlackClock "0:00:22"]

1. d4 Nf6 2. Nc3 d5 3. Bf4 Bf5 4. e3 e6 5. Bd3 Bxd3 6. cxd3 c6 7. Nf3 Nbd7 8. h3 Be7 9. O-O O-O 10. e4 Qb6 11. Qe2 Qa6 12. Qd2 Rfd8 13. Bg5 dxe4 14. dxe4 c5 15. e5 cxd4 16. Qxd4 Nf8 17. Qf4 Ng6 18. exf6 Nxf4 19. fxe7 Nxh3+ 20. gxh3 Re8 21. Rad1 f6 22. Be3 Rxe7 23. Rd4 Rc8 24. Rfd1 Rc4 25. Rd8+ Kf7 26. Kg2 Qc6 27. Rh8 Rd7 28. Rxd7+ Qxd7 29. Rxh7 Kg8 30. Rh5 e5 31. Bxa7 Qe8 32. Rh4 Qg6+ 33. Kh2 Rxh4 34. Nxh4 Qc2 35. Nd5 Qxb2 36. a4 Qb3 37. Nf5 Qxa4 38. Be3 b5 0-1


[Site "https://www.chess.com"]

[Event "Titled Tuesday Blitz September 27 Early 2022"]
[White "Vokhidov, Shamsiddin"]
[Black "Erenberg, Ariel"]
[WhiteFideId "14204223"]
[BlackFideId "2811634"]
[WhiteElo "2619"]
[BlackElo "2243"]
[Result "0-1"]
[Round "10"]
[TimeControl "180+1"]
[Date "2022.09.27"]
[WhiteClock "0:00:06"]
[BlackClock "0:00:19"]

1. e4 c6 2. Nc3 d5 3. d4 dxe4 4. Nxe4 Nf6 5. Nxf6+ exf6 6. Be3 Bd6 7. Bd3 O-O 8. Ne2 Re8 9. O-O Nd7 10. c4 Nf8 11. Qc2 Be6 12. Nc3 Qa5 13. c5 Bb8 14. g3 Qd8 15. Rad1 Bg4 16. Be2 Bxe2 17. Qxe2 Ne6 18. d5 cxd5 19. Nxd5 Qc8 20. b4 Be5 21. Qc4 h5 22. b5 Ng5 23. f4 Nh3+ 24. Kg2 Qg4 25. Rd2 Rad8 26. Ne7+ Kf8 27. Rxd8 Rxd8 28. Nd5 h4 29. c6 bxc6 30. bxc6 hxg3 31. hxg3 Ng5 32. Qb4+ Bd6 33. Qe1 Qh3+ 34. Kg1 Ne4 35. Bf2 Re8 36. Ne3 Bc5 37. c7 Nxf2 38. Rxf2 Bxe3 0-1


[Site "https://www.chess.com"]

[Event "Titled Tuesday Blitz September 27 Early 2022"]
[White "Wagner, Dennis"]
[Black "Wojtaszek, Radoslaw"]
[WhiteFideId "24650684"]
[BlackFideId "1118358"]
[WhiteElo "2355"]
[BlackElo "2606"]
[Result "0-1"]
[Round "10"]
[TimeControl "180+1"]
[Date "2022.09.27"]
[WhiteClock "0:00:02"]
[BlackClock "0:00:09"]

1. e4 c6 2. d4 d5 3. e5 Bf5 4. Nf3 e6 5. Be2 Ne7 6. c3 Nd7 7. O-O h6 8. a4 a5 9. Na3 Nc8 10. Nc2 Be7 11. Ne3 Bg6 12. Bd3 Bxd3 13. Qxd3 c5 14. b3 cxd4 15. cxd4 Na7 16. Bd2 Nc6 17. Ne1 Qb6 18. N1c2 Qa6 19. Qc3 O-O 20. Ng4 f5 21. Nxh6+ gxh6 22. Bxh6 Kf7 23. Bxf8 Nxf8 24. Na3 Bxa3 25. Rxa3 Ng6 26. Raa1 Nf4 27. Kh1 Qe2 28. Qg3 Qg4 29. Qxg4 fxg4 30. f3 g3 31. Rad1 Rh8 32. h3 Rh4 33. Rfe1 Ng6 34. Re3 Rxd4 35. Rxd4 Nxd4 36. f4 Nf5 37. Rc3 Nxf4 38. Rc7+ Ke8 39. b4 d4 40. bxa5 d3 41. Rxb7 d2 42. Rb1 Nd3 43. Rd1 Nf2+ 44. Kg1 Nxd1 45. a6 Nde3 46. a7 d1=Q# 0-1


[Site "https://www.chess.com"]